TOP OF THE 1ST |
Scottsdale Scorpions batting - Pitching for Nantucket Orcas : RHP José Cuellar
|
Pitching: RHP José Cuellar
|
|
Batting: LHB Shawn Brown
|
0-0: Swinging Strike 0-1: SOLO HOME RUN (Flyball, 89XD), Distance : 420 ft
|
Batting: RHB Pablo Pineda
|
0-0: Ground out 5-3 (Groundball, 5)
|
Now at 3B: Scotty Hicks
|
|
Batting: SHB Luis López
|
0-0: Ball 1-0: Ball 2-0: Called Strike 2-1: Ball 3-1: Foul Ball, location: 2F 3-2: Foul Ball, location: 2F 3-2: Foul Ball, location: 2F 3-2: Foul Ball, location: 2F 3-2: Base on Balls
|
Batting: SHB Arnold Moore
|
0-0: Foul Ball, location: 2F 0-1: Ball 1-1: Foul Ball, location: 2F 1-2: Fly out, F4 (Flyball, 4D)
|
Batting: RHB José Méndez
|
0-0: Ball 1-0: Swinging Strike 1-1: Ball 2-1: Foul Ball, location: 2F 2-2: Ball 3-2: Fly out, F6 (Line Drive, 6)
|
Top of the 1st over - 1 run(s), 1 hit(s), 0 error(s), 1 left on base; Scottsdale 1 - Nantucket 0 |
BOTTOM OF THE 1ST |
Nantucket Orcas batting - Pitching for Scottsdale Scorpions : LHP Brant Goff
|
Pitching: LHP Brant Goff
|
|
Batting: RHB Charlie Pérez
|
0-0: Called Strike 0-1: Swinging Strike 0-2: Reached on error, E4 (Groundball, 4)
|
Batting: RHB Scotty Hicks
|
0-0: Ball 1-0: Called Strike 1-1: Swinging Strike 1-2: Ball 2-2: Ball 3-2: Foul Ball, location: 2F 3-2: Strikes out swinging
|
Batting: LHB Eugene Lee
|
0-0: Ball 1-0: Fly out, F8 (Flyball, 8RM)
|
Batting: RHB Fernando Álvarez
|
0-0: Ball 1-0: Foul Ball, location: 2F 1-1: Called Strike 1-2: Foul Ball, location: 2F 1-2: Foul Ball, location: 2F 1-2: Strikes out looking
|
Bottom of the 1st over - 0 run(s), 0 hit(s), 1 error(s), 1 left on base; Scottsdale 1 - Nantucket 0 |
TOP OF THE 2ND |
Scottsdale Scorpions batting - Pitching for Nantucket Orcas : RHP José Cuellar
|
Batting: RHB Steve Boyer
|
0-0: Fly out, F8 (Flyball, 8RD)
|
Batting: LHB José Garza
|
0-0: Ball 1-0: Foul Ball, location: 2F 1-1: Ball 2-1: Ball 3-1: Base on Balls
|
Batting: RHB Robinson Fernández
|
0-0: Ball José Garza is caught stealing 2nd base 1-0: Swinging Strike 1-1: Ball 2-1: Ball 3-1: Foul Ball, location: 2F 3-2: Strikes out swinging
|
Top of the 2nd over - 0 run(s), 0 hit(s), 0 error(s), 0 left on base; Scottsdale 1 - Nantucket 0 |
BOTTOM OF THE 2ND |
Nantucket Orcas batting - Pitching for Scottsdale Scorpions : LHP Brant Goff
|
Batting: RHB Mike Willis
|
0-0: Ball 1-0: Swinging Strike 1-1: SINGLE (Groundball, 34D)
|
Batting: LHB Alfonso Vélez
|
0-0: Called Strike 0-1: Called Strike 0-2: Ball 1-2: Foul Ball, location: 2F 1-2: Ball 2-2: Ball 3-2: Strikes out swinging
|
Batting: LHB Juan Lima
|
0-0: Called Strike 0-1: Ball 1-1: Swinging Strike 1-2: Foul Ball, location: 2F 1-2: Fly out, F9 (Line Drive, 89M)
|
Batting: LHB Noah Gillespie
|
0-0: Foul Ball, location: 2F 0-1: Fielders Choice at 2nd, 4-6 (Groundball, 34)
|
Bottom of the 2nd over - 0 run(s), 1 hit(s), 0 error(s), 0 left on base; Scottsdale 1 - Nantucket 0 |
TOP OF THE 3RD |
Scottsdale Scorpions batting - Pitching for Nantucket Orcas : RHP José Cuellar
|
Batting: RHB Henry Cahill
|
0-0: Ball 1-0: Ball 2-0: Called Strike 2-1: Fly out, F9 (Flyball, 9LSF)
|
Batting: LHB Shawn Brown
|
0-0: Ball 1-0: Ball 2-0: Ball 3-0: Called Strike 3-1: Reached on error, E2 (Popup, 34S)
|
Batting: RHB Pablo Pineda
|
0-0: Called Strike 0-1: Ball 1-1: Swinging Strike 1-2: Strikes out swinging
|
Batting: SHB Luis López
|
0-0: Ball 1-0: Ball 2-0: Called Strike Throwing error on steal attempt, E2 Shawn Brown to third 2-1: SINGLE (Flyball, 8RS) Shawn Brown scores
|
Batting: SHB Arnold Moore
|
0-0: Ball Passed Ball! Luis López to second 1-0: Fly out, F7 (Flyball, 7LSF)
|
Top of the 3rd over - 1 run(s), 1 hit(s), 2 error(s), 1 left on base; Scottsdale 2 - Nantucket 0 |
BOTTOM OF THE 3RD |
Nantucket Orcas batting - Pitching for Scottsdale Scorpions : LHP Brant Goff
|
Batting: RHB Luis Cruz
|
0-0: Ball 1-0: Ball 2-0: Ball 3-0: Base on Balls
|
Batting: RHB Charlie Pérez
|
0-0: Ball 1-0: Ball 2-0: Hit by Pitch Luis Cruz to second
|
Batting: RHB Scotty Hicks
|
0-0: Called Strike 0-1: Called Strike 0-2: Strikes out looking
|
Batting: LHB Eugene Lee
|
0-0: Called Strike 0-1: Called Strike Luis Cruz is caught stealing 3rd base Charlie Pérez to second 0-2: Ball 1-2: Ball 2-2: Fly out, F8 (Flyball, 8RS)
|
Bottom of the 3rd over - 0 run(s), 0 hit(s), 0 error(s), 1 left on base; Scottsdale 2 - Nantucket 0 |
TOP OF THE 4TH |
Scottsdale Scorpions batting - Pitching for Nantucket Orcas : RHP José Cuellar
|
Batting: RHB José Méndez
|
0-0: Ball 1-0: Ball 2-0: Foul Ball, location: 2F 2-1: Ball 3-1: Swinging Strike 3-2: Strikes out swinging
|
Batting: RHB Steve Boyer
|
0-0: Foul Ball, location: 2F 0-1: Foul Ball, location: 2F 0-2: Ground out U3 (Groundball, 34)
|
Batting: LHB José Garza
|
0-0: Called Strike 0-1: Ball 1-1: SINGLE (Line Drive, 34)
|
Batting: RHB Robinson Fernández
|
0-0: Ball 1-0: Fly out, F9 (Flyball, 9LSF)
|
Top of the 4th over - 0 run(s), 1 hit(s), 0 error(s), 1 left on base; Scottsdale 2 - Nantucket 0 |
BOTTOM OF THE 4TH |
Nantucket Orcas batting - Pitching for Scottsdale Scorpions : LHP Brant Goff
|
Batting: RHB Fernando Álvarez
|
0-0: Fly out, F9 (Line Drive, 89M)
|
Batting: RHB Mike Willis
|
0-0: Called Strike 0-1: Ball 1-1: Ball 2-1: Ball 3-1: Base on Balls
|
Batting: LHB Alfonso Vélez
|
0-0: SINGLE (Groundball, 56D) Mike Willis to second
|
Batting: LHB Juan Lima
|
0-0: Called Strike 0-1: Ball 1-1: Ball 2-1: Grounds into double play, 4-6-3 (Groundball, 34)
|
Bottom of the 4th over - 0 run(s), 1 hit(s), 0 error(s), 1 left on base; Scottsdale 2 - Nantucket 0 |
TOP OF THE 5TH |
Scottsdale Scorpions batting - Pitching for Nantucket Orcas : RHP José Cuellar
|
Batting: RHB Henry Cahill
|
0-0: Called Strike 0-1: Ball 1-1: Ball 2-1: Called Strike 2-2: Strikes out looking
|
Batting: LHB Shawn Brown
|
0-0: Ground out 4-3 (Groundball, 4)
|
Batting: RHB Pablo Pineda
|
0-0: Called Strike 0-1: Called Strike 0-2: Foul Ball, location: 2F 0-2: Ball 1-2: Strikes out looking
|
Top of the 5th over - 0 run(s), 0 hit(s), 0 error(s), 0 left on base; Scottsdale 2 - Nantucket 0 |
BOTTOM OF THE 5TH |
Nantucket Orcas batting - Pitching for Scottsdale Scorpions : LHP Brant Goff
|
Batting: LHB Noah Gillespie
|
0-0: Ball 1-0: Called Strike 1-1: Ball 2-1: Foul Ball, location: 2F 2-2: Ball 3-2: Foul Ball, location: 2F 3-2: Base on Balls
|
Batting: RHB Luis Cruz
|
0-0: Called Strike 0-1: DOUBLE (Line Drive, 78D) Noah Gillespie to third Runner from 3rd tries for Home, SAFE, no throw
|
Batting: RHB Charlie Pérez
|
0-0: Called Strike 0-1: Foul Ball, location: 2F 0-2: Foul Ball, location: 2F 0-2: Strikes out looking
|
Batting: RHB Scotty Hicks
|
0-0: Ball 1-0: Called Strike 1-1: SINGLE (Groundball, 6MD) Luis Cruz to third Runner from 3rd tries for Home, SAFE, no throw
|
Batting: LHB Eugene Lee
|
0-0: Called Strike 0-1: Called Strike 0-2: Foul Ball, location: 2F 0-2: Ball 1-2: Foul Ball, location: 2F 1-2: Foul Ball, location: 2F 1-2: Foul Ball, location: 2F 1-2: Foul Ball, location: 2F 1-2: Ball 2-2: Ball 3-2: Foul Ball, location: 2F 3-2: Fly out, F8 (Flyball, 8RD)
|
Pitching: LHP Robert Griggs
|
|
Batting: RHB Fernando Álvarez
|
0-0: Ball 1-0: Called Strike 1-1: Called Strike 1-2: Strikes out swinging
|
Bottom of the 5th over - 2 run(s), 2 hit(s), 0 error(s), 1 left on base; Scottsdale 2 - Nantucket 2 |
TOP OF THE 6TH |
Scottsdale Scorpions batting - Pitching for Nantucket Orcas : RHP José Cuellar
|
Batting: SHB Luis López
|
0-0: Called Strike 0-1: Ball 1-1: Foul Ball, location: 2F 1-2: Ball 2-2: Foul Ball, location: 2F 2-2: Ball 3-2: SINGLE (Line Drive, 7S)
|
Pitching: LHP Alberto Gutiérrez
|
|
Batting: SHB Arnold Moore
|
0-0: Ball 1-0: Called Strike 1-1: Ball Wild Pitch! Luis López to second 2-1: Intentional Walk
|
Batting: RHB José Méndez
|
0-0: Called Strike 0-1: Foul Ball, location: 2F 0-2: Grounds into double play, 6-4-3 (Groundball, 56) Luis López to third
|
Batting: RHB Steve Boyer
|
0-0: Foul Ball, location: 2F 0-1: Ball 1-1: Foul Ball, location: 2F 1-2: Foul Ball, location: 2F 1-2: Ground out 6-3 (Groundball, 6)
|
Top of the 6th over - 0 run(s), 1 hit(s), 0 error(s), 1 left on base; Scottsdale 2 - Nantucket 2 |
BOTTOM OF THE 6TH |
Nantucket Orcas batting - Pitching for Scottsdale Scorpions : LHP Robert Griggs
|
Batting: RHB Mike Willis
|
0-0: Ball 1-0: Ball 2-0: Ball 3-0: Called Strike 3-1: Ground out 5-3 (Groundball, 25)
|
Batting: LHB Alfonso Vélez
|
0-0: Ball 1-0: Foul Ball, location: 2F 1-1: Foul Ball, location: 2F 1-2: Strikes out swinging
|
Batting: LHB Juan Lima
|
0-0: Ball 1-0: SINGLE (Line Drive, 34)
|
Batting: LHB Noah Gillespie
|
0-0: Ball 1-0: Called Strike 1-1: Swinging Strike 1-2: Foul Ball, location: 2F 1-2: Ball 2-2: Strikes out swinging
|
Bottom of the 6th over - 0 run(s), 1 hit(s), 0 error(s), 1 left on base; Scottsdale 2 - Nantucket 2 |
TOP OF THE 7TH |
Scottsdale Scorpions batting - Pitching for Nantucket Orcas : LHP Alberto Gutiérrez
|
Pinch Hitting: RHB Brian Stewart
|
0-0: DOUBLE (Flyball, 89M)
|
Batting: RHB Robinson Fernández
|
0-0: Ball 1-0: Swinging Strike 1-1: Ball 2-1: Swinging Strike 2-2: Ball 3-2: Fly out, F7 (Line Drive, 78M)
|
Pinch Hitting: RHB Edgardo Gonzáles
|
0-0: Intentional Walk
|
Pinch Hitting: RHB Esteban Concepción
|
0-0: Called Strike 0-1: Ball 1-1: Ground out 6-3 (Groundball, 6MD) Brian Stewart to third Edgardo Gonzáles to second
|
Batting: RHB Pablo Pineda
|
0-0: Ball 1-0: Called Strike 1-1: SINGLE (Groundball, 4D) Brian Stewart scores Edgardo Gonzáles to third Runner from 3rd tries for Home, SAFE, no throw
|
Pitching: RHP Juan Moreno
|
|
Batting: SHB Luis López
|
0-0: Ball 1-0: Called Strike 1-1: Swinging Strike 1-2: Foul Ball, location: 2F 1-2: Foul Ball, location: 2F 1-2: Strikes out swinging
|
Top of the 7th over - 2 run(s), 2 hit(s), 0 error(s), 1 left on base; Scottsdale 4 - Nantucket 2 |
BOTTOM OF THE 7TH |
Nantucket Orcas batting - Pitching for Scottsdale Scorpions : LHP Robert Griggs
|
Now at 1B: Tony Ayala
|
|
Now in LF: Edgardo Gonzáles
|
|
Now in CF: Mike Hall
|
|
Batting: RHB Luis Cruz
|
0-0: Ball 1-0: Foul Ball, location: 2F 1-1: Ground out 6-3 (Groundball, 6)
|
Batting: RHB Charlie Pérez
|
0-0: Ball 1-0: Ball 2-0: Ball 3-0: Base on Balls
|
Batting: RHB Scotty Hicks
|
0-0: Ball 1-0: Ball 2-0: Foul Ball, location: 2F 2-1: Ball 3-1: Base on Balls Charlie Pérez to second
|
Pinch Hitting: RHB Juan Gómez
|
0-0: Foul Ball, location: 2F 0-1: Foul Ball, location: 2F 0-2: Ball 1-2: Foul Ball, location: 2F 1-2: Ground out 5-3 (Groundball, 56S) Charlie Pérez to third Scotty Hicks to second
|
Pinch Hitting: RHB Cris Lugo
|
0-0: Ball 1-0: Foul Ball, location: 2F 1-1: Ball 2-1: Called Strike 2-2: Strikes out looking
|
Bottom of the 7th over - 0 run(s), 0 hit(s), 0 error(s), 2 left on base; Scottsdale 4 - Nantucket 2 |
TOP OF THE 8TH |
Scottsdale Scorpions batting - Pitching for Nantucket Orcas : RHP Juan Moreno
|
Now at 1B: Juan Gómez
|
|
Now at SS: Felipe Gallardo
|
|
Batting: SHB Arnold Moore
|
0-0: Foul Ball, location: 2F 0-1: Fly out, F7 (Flyball, 7LMF)
|
Now in RF: José Espinoza
|
|
Batting: RHB José Méndez
|
0-0: Called Strike 0-1: Foul Ball, location: 2F 0-2: Strikes out swinging
|
Batting: RHB Steve Boyer
|
0-0: Foul Ball, location: 2F 0-1: Called Strike 0-2: Ball 1-2: Hit by Pitch
|
Batting: RHB Mike Hall
|
0-0: Ball 1-0: Ball 2-0: Ball 3-0: Called Strike 3-1: Fly out, F4 (Line Drive, 4)
|
Top of the 8th over - 0 run(s), 0 hit(s), 0 error(s), 1 left on base; Scottsdale 4 - Nantucket 2 |
BOTTOM OF THE 8TH |
Nantucket Orcas batting - Pitching for Scottsdale Scorpions : LHP Robert Griggs
|
Batting: RHB Mike Willis
|
0-0: Ground out 4-3 (Groundball, 4)
|
Batting: LHB Alfonso Vélez
|
0-0: Ball 1-0: Ball 2-0: Ball 3-0: Base on Balls
|
Pitching: RHP José Estrada
|
|
Batting: LHB Juan Lima
|
0-0: Ball 1-0: Foul Ball, location: 2F 1-1: Ball 2-1: Ball 3-1: Foul Ball, location: 2F 3-2: SINGLE (Groundball, 34) (infield hit) Alfonso Vélez to second
|
Pitching: LHP Terry Stanley
|
|
Pinch Hitting: RHB Ramiro Javier
|
0-0: Ball 1-0: Foul Ball, location: 2F 1-1: Foul Ball, location: 2F 1-2: Fielders Choice at 2nd, 5-4 (Groundball, 56) Alfonso Vélez to third
|
Pinch Hitting: RHB Curt O'Brian
|
0-0: Called Strike 0-1: Ball 1-1: Ball 2-1: Foul Ball, location: 2F 2-2: Strikes out swinging
|
Bottom of the 8th over - 0 run(s), 1 hit(s), 0 error(s), 2 left on base; Scottsdale 4 - Nantucket 2 |
TOP OF THE 9TH |
Scottsdale Scorpions batting - Pitching for Nantucket Orcas : RHP Juan Moreno
|
Now in CF: Curt O'Brian
|
|
Now in RF: Ramiro Javier
|
|
Batting: RHB Robinson Fernández
|
0-0: SINGLE (Line Drive, 4MD)
|
Batting: RHB Edgardo Gonzáles
|
0-0: Swinging Strike 0-1: Ball 1-1: Ball 2-1: DOUBLE (Flyball, 89XD) Robinson Fernández to third Runner from 3rd tries for Home, SAFE, no throw
|
Batting: LHB Tony Ayala
|
0-0: Intentional Walk
|
Batting: RHB Pablo Pineda
|
0-0: Fly out, F8 (Flyball, 8RM)
|
Batting: SHB Luis López
|
0-0: Ball 1-0: 3-RUN HOME RUN (Flyball, 9D), Distance : 373 ft
|
Pitching: RHP Dale Polk
|
|
Batting: SHB Arnold Moore
|
0-0: Ball 1-0: SINGLE (Line Drive, 34D)
|
Batting: RHB José Méndez
|
0-0: Ball 1-0: Ball 2-0: Ball 3-0: Called Strike 3-1: Swinging Strike 3-2: Foul Ball, location: 2F 3-2: Strikes out looking
|
Batting: RHB Steve Boyer
|
0-0: Ball 1-0: Called Strike 1-1: Ball 2-1: Foul Ball, location: 2F 2-2: Fly out, F5 (Popup, 5L)
|
Top of the 9th over - 4 run(s), 4 hit(s), 0 error(s), 1 left on base; Scottsdale 8 - Nantucket 2 |
BOTTOM OF THE 9TH |
Nantucket Orcas batting - Pitching for Scottsdale Scorpions : LHP Terry Stanley
|
Batting: RHB Charlie Pérez
|
0-0: Fly out, F8 (Line Drive, 8LM)
|
Batting: RHB Scotty Hicks
|
0-0: Called Strike 0-1: Called Strike 0-2: Ball 1-2: DOUBLE (Line Drive, 78S)
|
Batting: RHB Juan Gómez
|
0-0: Ground out 5-3 (Groundball, 5)
|
Batting: RHB Felipe Gallardo
|
0-0: Ball 1-0: Ball 2-0: Ball 3-0: Called Strike 3-1: Swinging Strike 3-2: Foul Ball, location: 2F 3-2: Foul Ball, location: 2F 3-2: Strikes out swinging
|
Bottom of the 9th over - 0 run(s), 1 hit(s), 0 error(s), 1 left on base; Scottsdale 8 - Nantucket 2 |
|